Croesus, chaotic female elven Ranger -------- |......| |.<....-# |.....||# ---|----# ## # ------ # # |..>.| # # # |^...-## ---|----###`############ # |....| # |......-## # ----|---# # -------- |.....###### |......|#### |......|# # |......| ---- ----|- # # |......|#### |......|######+......| #|..| # ####.......-## # |......|# ### |......|# #@.$.| # --------# ### |......|# # |.......## ---- `########## # |......|# ##.......|# ##..%....|# --------# --------############### Croesus the Tenderfoot Experience level: 2 Strength: 17 Dexterity: 12 Constitution: 14 Intelligence: 13 Wisdom: 14 Charisma: 7 Health: 0(20) Energy: 11(11) Def: 10 Gold: 0 Moves: 1577 Dungeon seed: ZZqqa_-58KkiTH09 Game ID: Croesus_1561721090 Your Inventory: Weapons a - 37 uncursed +0 elven arrows c - 55 blessed +2 elven arrows d - an uncursed +1 elven dagger e - a blessed +1 elven bow (alternate weapon; not wielded) k - 39 uncursed +0 darts m - an uncursed +0 orcish dagger (weapon in hand) v - 45 uncursed +0 arrows (in quiver) A - a blessed +0 sling C - an uncursed +0 elven dagger Armor b - a blessed +2 elven cloak (being worn) n - an uncursed +0 orcish helm (being worn) z - an uncursed +0 pair of speed boots (being worn) N - an uncursed +0 elven mithril-coat (being worn) Y - an uncursed +1 dwarvish cloak Comestibles f - 4 uncursed lembas wafers h - 3 uncursed food rations o - an uncursed egg w - 2 uncursed tripe rations Scrolls p - an uncursed scroll of taming s - 2 uncursed scrolls of light Spellbooks q - an uncursed spellbook of magic mapping Wands i - an uncursed wand of cancellation (0:3) B - an uncursed wand of locking (0:7) Tools l - an uncursed oil lamp (0:1295) Gems r - an uncursed worthless piece of yellowish brown glass y - 2 uncursed worthless pieces of red glass Spells and supernatural/magical abilities: Name Level Category Cost Memory W - pray for help -- divine ? -- Your skills at the end: Fighting Skills wands [Basic] Weapon Skills dagger [Basic] bow [Basic] Spellcasting Skills Final Attributes: You were piously aligned. You were immune to sleep. You saw invisible. You had automatic searching. You had infravision. You were stealthy. You were very fast. You last prayed 461 turns ago. Mars was noncommittal. You are dead. Vanquished creatures: 2 hobbits a giant rat 2 yellow molds 9 jackals a goblin 12 grid bugs a newt 28 creatures vanquished. Voluntary challenges: You used a wielded weapon 15 times, starting on turn 251. You read items or engraved 6 times, starting on turn 721. You never genocided any monsters. You never polymorphed an object. You never changed form. You used no wishes. You never split a pudding. You wrote Elbereth's name 1 time, starting on turn 1577. You never violated your personal moral code. Dungeon overview: The Dungeons of Doom: levels 1 to 3 Level 1 an altar to Venus, some fountains, a vault a long staircase Level 2 an altar to Venus, a fountain Level 3 <- You were here a vault History has recorded: On T:1 you entered the Dungeons of Doom to retrieve the Amulet of Yendor! On T:384 you reached level 2 of The Dungeons of Doom. On T:1101 you reached level 3 of The Dungeons of Doom. On T:1408 you advanced to experience level 2. Score breakdown: Gold: 0 ( 0 points) Experience: 2 levels ( 5570 points) Exploration: 3 levels ( 6.25%) ( 6188 points) Discoveries: 1 item ( 0.34%) ( 1746 points) Valuables value: (no points given unless you survive) Artifact value: 0 ( 0 points) Variety of kills: 7 monsters ( 1.84%) ( 4071 points) Turncount: 1577 turns ( 0 points) Survival: died (score multiplied by 80%) Total score: 14060 Latest messages: You displace Sirius. The door opens. $ - 264 gold pieces. $ - 297 gold pieces. $ - 273 gold pieces. $ - 200 gold pieces. You feel wise! You must have been very observant. Suddenly one of the Vault's guards enters! <"Hello stranger, who are you?" -: ssssssssssssssss> "I don't know you." "Most likely all your money was stolen from this vault." "Please drop that money and follow me." You drop 1060 gold pieces. You displace the guard. $ - 8 gold pieces. "Drop all your gold, scoundrel!" You displace the guard. "So be it, rogue!" The guard hits! You write in the dust with your fingers. You add to the writing in the dust with your fingers. The guard hits! You die... The guard remits your gold to the vault. Final status: Goodbye Croesus the Ranger, killed by a guard... You died in The Dungeons of Doom on dungeon level 3 with 14060 points, and 0 pieces of gold, after 1577 moves. You were level 2 with a maximum of 20 hit points when you died.